 Dungeon Crawl Stone Soup version 0.30-a0-250-g41c1d76940 (webtiles) character file.

Game seed: 12678900853691374645

77 gzilladon the Chopper (level 4, -2/42 HPs)
             Began as a Naga Berserker on Oct 12, 2022.
             Was a Believer of Trog.
             Slain by a scorpion (4 damage)
             ... on level 4 of the Dungeon.
             The game lasted 00:06:43 (2536 turns).

gzilladon the Chopper (Naga Berserker)              Turns: 2536, Time: 00:06:44

Health: -2/42      AC:  4    Str: 21    XL:     4   Next: 34%
Magic:  4/4        EV:  8    Int:  7    God:    Trog [**....]
Gold:   165        SH:  0    Dex: 11    Spells: 3/3 levels left

rFire   . . .      SeeInvis +    a - +0 hand axe
rCold   . . .      Faith    .    (no shield)
rNeg    . . .      Spirit   .    l - +0 scale mail
rPois   +          Reflect  .    (no helmet)
rElec   .          Harm     .    (no cloak)
rCorr   .          Rampage  .    (no gloves)
Will    .....                    (no barding)
Stlth   ..........               (no amulet)
HPRegen 0.27/turn                (no ring)
MPRegen 0.09/turn                (no ring)

@: very slow
A: AC +1, large, see invisible, deformed body, poison resistance, slowness 2,
spit poison 1, naga tail 1
a: Spit Poison, Renounce Religion, Berserk, Trog's Hand


You were on level 4 of the Dungeon.
You worshipped Trog.
Trog was pleased with you.
You visited 1 branch of the dungeon, and saw 4 of its levels.

You collected 165 gold pieces.

Inventory:

Hand Weapons
 a - a +0 hand axe (weapon)
Missiles
 f - 22 stones
Armour
 b - a +0 animal skin
 j - a +0 leather armour
 l - a +0 scale mail (worn)
Jewellery
 d - a ring of protection from cold
Scrolls
 c - 5 scrolls of identify {unknown}
 e - a scroll of enchant weapon {unknown}
 g - a scroll of noise {unknown}
 i - a scroll of summoning {unknown}
 k - 2 scrolls of teleportation {unknown}
 n - a scroll of poison {unknown}
 r - a scroll of vulnerability {unknown}
Potions
 h - a potion of brilliance {unknown}
 m - a potion of might {unknown}
 o - 2 potions of berserk rage {unknown}
 p - a potion of mutation {unknown}
 q - a potion of curing {unknown}


   Skills:
 + Level 3.5 Fighting
 + Level 4.0 Axes
 + Level 2.1 Armour
 + Level 1.9 Dodging
 + Level 0.3 Stealth


You had 3 spell levels left.
You didn't know any spells.
Your spell library was empty.

Dungeon Overview and Level Annotations

Branches:
Dungeon (4/15)
 Temple: D:4-7

Altars:
Gozag
Yredelemnul


Innate Abilities, Weirdness & Mutations

Your serpentine skin is tough. (AC +1)
You have supernaturally acute eyesight. (SInv)
Armour fits poorly on your strangely shaped body.
Your system is resistant to poisons. (rPois)
You cover ground very slowly.
You can spit poison.
You have a snake-like lower body.


Message History

The scorpion completely misses you.
The jackal bites you but does no damage.
The scorpion stings you.
You are poisoned.
The scorpion poisons you!
You barely miss the scorpion.
The scorpion is moderately wounded.
You hit the jackal.
You kill the jackal!
Trog accepts your kill.
You feel very sick. The scorpion barely misses you.
You closely miss the scorpion.
The scorpion is moderately wounded.
You feel sick. The scorpion closely misses you.
You hit the scorpion.
The scorpion is heavily wounded.
You feel sick. The scorpion stings you.
* * * LOW HITPOINT WARNING * * *
The scorpion stings you but does no damage.
You hit the scorpion.
The scorpion is severely wounded.
You feel sick. The scorpion stings you.
* * * LOW HITPOINT WARNING * * *
You closely miss the scorpion.
The scorpion is severely wounded.
You feel sick. The scorpion closely misses you.
You barely miss the scorpion.
The scorpion is severely wounded.
You feel sick. The scorpion barely misses you. The scorpion stings you.
* * * LOW HITPOINT WARNING * * *
You hit the scorpion but do no damage.
The scorpion is severely wounded.
You feel sick.
You are no longer poisoned.
The scorpion closely misses you.
You barely miss the scorpion.
The scorpion is severely wounded.
The scorpion stings you.
You die... . .P P P.PPP.P .##...###.. ...P.P...P ..........
PP.PPPPPPP

..........
.......<#####
........#
####........#
.(......# #$.......#
#.....#..
##....#..###s.......
#.#.......†@.......
######.#$..[.......
#.#..).....<..
######....$...
##..##### ...# .....
..#... ###.#


You could see a scorpion.

Vanquished Creatures
  2 adders (D:3)
  2 worms
  An orc (D:3)
  An endoplasm (D:2)
  A giant cockroach (D:2)
  6 hobgoblins
  4 jackals (D:4)
  7 kobolds
  4 quokkas
  3 ball pythons
  4 bats
  5 frilled lizards
  6 goblins
  5 rats
51 creatures vanquished.

Vanquished Creatures (others)
  A bush (D:3)
  31 plants
32 creatures vanquished.

Grand Total: 83 creatures vanquished

Notes
Turn   | Place    | Note
-------+----------+-------------------------------------------
     0 | D:1      | gzilladon the Naga Berserker began the quest for the Orb.
     0 | D:1      | Reached XP level 1. HP: 21/21 MP: 1/1
   192 | D:1      | Reached XP level 2. HP: 15/28 MP: 2/2
   964 | D:2      | Reached XP level 3. HP: 26/34 MP: 3/3
  1006 | D:2      | Reached ** piety under Trog
  2076 | D:3      | Found a basalt altar of Yredelemnul.
  2080 | D:3      | Reached XP level 4. HP: 42/42 MP: 4/4
  2206 | D:3      | Found an opulent altar of Gozag.
  2516 | D:4      | Reached skill level 4 in Axes
  2516 | D:4      | Noticed a scorpion
  2534 | D:4      | HP: 2/42 [scorpion (4)]
  2536 | D:4      | Slain by a scorpion

Illustrated notes

Levels and vault maps discovered:
D:1:      giann_wishing_wells, layout_rooms
D:2:      layout_basic, serial_bayou, serial_bayou_shore_b, serial_bayou_lake_a,
          serial_bayou_ford_a, serial_bayou_shore_a
D:3:      layout_basic, old_standard_altar, lemuel_round_altar, serial_forest,
          infiniplex_forest_straight_5, infiniplex_forest_straight_3,
          infiniplex_forest_clump_diagonal, infiniplex_forest_zigzag_1,
          infiniplex_forest_clump_diagonal, infiniplex_forest_clump_double,
          infiniplex_forest_clump_diagonal
D:4:      cheibrodos_barr_body, layout_cave_pools, minmay_hedge_maze,
          saegor_snake_ambush, uniq_crazy_yiuf_cottage, uniq_sigmund

Skill      XL: |  1  2  3  4 |
---------------+-------------+-----
Armour         | 2 |  2.1
Axes           | 4 |  4.0
Fighting       | |  3.5
Dodging        | |  1.9
Stealth        | |  0.3

Action                   |  1- 3 |  4- 6 || total
-------------------------+-------+-------++-------
Melee: Hand axe          |   195 |    46 ||   241
       Punch             |     3 |     2 ||     5
Armor: Animal skin       |     5 |       ||     5
       Leather armour    |    15 |       ||    15
       Scale mail        |    17 |    28 ||    45
Dodge: Dodged            |    58 |    44 ||   102

Table legend: (Time is in decaauts)
 A = Elapsed time spent in this place.
 B = Non-inter-level travel time spent in this place.
 C = Inter-level travel time spent in this place.
 D = Time resting spent in this place.
 E = Time spent auto-exploring this place.
 F = Levels seen in this place.
 G = Mean time per level.
                   A        B        C        D        E       F      G
               +--------+--------+--------+--------+--------+-----+--------+
         Total |   3383 |   2623 |    760 |    474 |      0 |   4 |  845.8 |
       Dungeon |   3383 |   2623 |    760 |    474 |      0 |   4 |  845.8 |
               +--------+--------+--------+--------+--------+-----+--------+

Top non-repeatable levels by time:
     D:2: 1390 daAuts
     D:3: 1029 daAuts
     D:1: 912 daAuts
     D:4: 50 daAuts
